AoeStats
← Deja de llorar

Arena

509775487Analyzed
4v4 RM · 3d ago on Sep 28, 2026· 44m 55s· 8 players
Game mode
Random Map
Map size
Large (8 player)
Population
200
Speed
Normal
Resources
Standard
Victory
Conquest
Starting age
Dark Age
Ending age
Imperial Age
RankedLock teamsTeams togetherTeam positionsShared explorationLock speedFull tech treeHidden civsTurbo modeCheats
Victory
Defeat
🇺🇸 Japanese · United States
1109
+14
🇦🇷 Bohemians · Argentina
1058
+16
🇨🇦 Cumans · Canada
1040
+17
🇧🇷 Goths · Brazil
1034
+17
🇫🇷 Huns · France
1180
-20
🇵🇪 Ethiopians · Peru
1100
-17
🇲🇽 Mongols · Mexico
1048
-16
🇫🇷 Hindustanis · France
932
-11
[MAD1] killmeifyoucan
11:26 Feudal Age
13:26 Double-Bit Axe
16:04 Castle Age
13:52 Loom
19:29 Wheelbarrow
20:28 Gold Mining
21:34 Town Watch
22:46 Hand Cart
23:02 Light Cavalry
23:53 Bloodlines
25:33 Bloodlines
32:15 Forging
32:11 Scale Barding Armor
32:14 Capped Ram
38:05 Bow Saw
43:17 Imperial Age
40:53 Caravan
42:19 Stone Mining
43:04 Gold Shaft Mining
43:30 Elite Steppe Lancer
® SEILERT ®™
0:39 Loom
11:40 Feudal Age
16:09 Castle Age
14:28 Double-Bit Axe
14:26 Horse Collar
14:56 Gold Mining
16:03 Wheelbarrow
17:57 Bow Saw
27:18 Forging
27:09 Scale Mail Armor
27:15 Squires
31:08 Imperial Age
29:20 Iron Casting
29:01 Chain Mail Armor
29:45 Heavy Plow
30:06 Pikeman
31:01 Anarchy
32:18 Conscription
31:19 Elite Huskarl
31:23 Halberdier
37:31 Blast Furnace
37:51 Hand Cart
38:02 Hand Cart
39:52 Two-Man Saw
40:26 Crop Rotation
41:46 Perfusion
guilleaacevedo
12:01 Feudal Age
15:58 Castle Age
14:41 Horse Collar
15:26 Double-Bit Axe
16:28 Wheelbarrow
18:27 Hand Cart
20:20 Hand Cart
20:23 Loom
23:41 Town Watch
25:48 Forging
25:43 Scale Barding Armor
27:04 Husbandry
30:05 Bow Saw
31:05 Iron Casting
30:35 Scale Barding Armor
34:48 Imperial Age
34:30 Wagenburg Tactics
33:50 Pikeman
34:31 Squires
35:32 Ballistics
35:10 Murder Holes
35:15 Halberdier
35:57 Scale Mail Armor
37:56 Two-Man Saw
39:26 Blast Furnace
38:41 Chain Mail Armor
40:12 Chemistry
39:20 Siege Engineers
40:47 Houfnice
stvmllc
7:18 Loom
9:41 Feudal Age
11:35 Double-Bit Axe
11:21 Man-at-Arms
14:29 Fletching
18:05 Horse Collar
24:06 Padded Archer Armor
27:26 Castle Age
29:42 Guard Tower
30:13 Ballistics
29:52 Bodkin Arrow
29:23 Crossbowman
34:55 Leather Archer Armor
34:46 Heavy Plow
36:25 Thumb Ring
35:46 Elite Skirmisher
42:43 Wheelbarrow
41:57 Town Watch
43:14 Gold Mining
43:17 Stone Mining
46:58 Imperial Age
44:46 Hand Cart
44:41 Scale Mail Armor
44:51 Forging
44:46 Scale Barding Armor
Deja de llorar
9:51 Feudal Age
12:28 Fletching
13:57 Loom
26:34 Castle Age
25:30 Double-Bit Axe
jawsy_
8:41 Loom
10:31 Feudal Age
15:17 Castle Age
13:06 Double-Bit Axe
13:03 Horse Collar
16:56 Bow Saw
17:36 Heavy Plow
22:38 Wheelbarrow
23:11 Gold Mining
28:26 Imperial Age
25:59 Fletching
26:10 Padded Archer Armor
26:30 Scale Barding Armor
26:36 Forging
27:22 Thumb Ring
27:30 Bloodlines
27:21 Husbandry
26:42 Light Cavalry
27:21 Bodkin Arrow
27:42 Leather Archer Armor
28:20 Ballistics
28:57 Hand Cart
28:27 Heavy Cavalry Archer
29:35 Parthian Tactics
30:03 Bracer
31:42 Chain Barding Armor
31:25 Hussar
32:44 Iron Casting
35:03 Plate Barding Armor
35:29 Blast Furnace
Suko
5:50 Loom
11:30 Feudal Age
18:04 Castle Age
15:58 Double-Bit Axe
22:33 Wheelbarrow
22:42 Gold Mining
22:45 Stone Mining
27:07 Gold Shaft Mining
27:17 Bloodlines
27:19 Scale Barding Armor
27:29 Forging
28:48 Stone Shaft Mining
28:04 Horse Collar
31:31 Heavy Plow
31:52 Hand Cart
33:32 Chain Barding Armor
35:13 Iron Casting
36:36 Town Watch
39:33 Imperial Age
38:52 Husbandry
38:22 Light Cavalry
39:45 Heavy Camel Rider
41:16 Plate Barding Armor
41:42 Blast Furnace
40:36 Fletching
40:46 Padded Archer Armor
42:06 Imperial Camel Rider
43:32 Thumb Ring
EsquedaKING
13:56 Feudal Age
18:46 Castle Age
16:55 Padded Archer Armor
27:46 Fletching
28:11 Leather Archer Armor
Connection lost

Rejoining the realm…

Still unreachable

The connection could not be restored.

Session expired

The server has moved on; the page needs a fresh start.